Map: Deathaura LE

Players

soul - Winner!

  • Race: Terran Terran
  • League: Grandmaster
  • Spawn Location: 5:00

LiquidMaNa (MaNa)

  • Race: Protoss Protoss
  • League: Grandmaster
  • Spawn Location: 11:00

Event: DreamHack SC2 Masters 2020 Fall

VOD

Have the link to the VOD?

Description

Time

  • Played on: Sept. 3, 2020, 2:13 p.m.
  • Length: 27:23

All games in this series

Show
View Real Time Build Order
Export as new Build Order

soul Terran - Winner!

Build Orders: Reaper Expand 

Get SALT Encoding   

  12  0:00  SCV  
  13  0:12  SCV  
  14  0:16  Supply Depot  
  14  0:24  SCV  
  15  0:38  SCV, Barracks  
  16  0:44  Refinery  
  16  0:50  SCV  
  17  1:02  SCV  
  18  1:14  SCV  
  19  1:26  Reaper  
  19  1:27  Orbital Command  
  20  1:46  Command Center  
  20  1:53  SCV, Supply Depot  
  21  1:58  Marine  
  22  2:05  SCV  
  22  2:07  Factory  
  23  2:15  Bunker  
  23  2:17  SCV  
  23  2:21  Refinery  
  24  2:23  Barracks Reactor  
  24  2:31  SCV  
  25  2:43  SCV  
  26  2:53  Starport  
  26  2:58  SCV  
  26  3:01  Marine x2, Widow Mine  
  26  3:03  Orbital Command  
  30  3:10  SCV  
  31  3:19  Marine x2  
  33  3:22  SCV  
  33  3:24  Factory Tech Lab  
  34  3:28  SCV, Supply Depot  
  34  3:31  Viking  
  37  3:34  SCV  
  37  3:36  Marine  
  37  3:40  SCV  
  40  3:41  Supply Depot  
  40  3:44  Cyclone  
  40  3:45  Marine  
  40  3:48  SCV  
  45  3:53  SCV, Supply Depot  
  46  4:00  SCV  
  47  4:03  Armory  
  47  4:08  SCV  
  48  4:12  SCV  
  49  4:20  SCV  
  49  4:22  Command Center  
  50  4:24  SCV  
  50  4:27  Viking  
  53  4:32  SCV, Supply Depot, Marine x2  
  53  4:37  SCV  
  57  4:39  Widow Mine  
  57  4:44  Barracks  
  58  4:45  SCV  
  58  4:49  Marine  
  58  4:50  Refinery x2  
  58  4:51  Drilling Claws  
  60  4:53  SCV  
  61  5:00  SCV  
  61  5:02  Medivac, Barracks  
  61  5:04  Widow Mine  
  61  5:05  SCV  
  67  5:12  Supply Depot  
  67  5:13  SCV  
  68  5:19  Engineering Bay  
  68  5:20  Engineering Bay  
  68  5:25  Supply Depot  
  68  5:26  SCV  
  69  5:29  Widow Mine, Marine  
  69  5:31  Barracks Tech Lab  
  69  5:32  Medivac  
  74  5:36  Orbital Command  
  74  5:38  SCV  
  74  5:39  SCV  
  76  5:46  Terran Infantry Weapons Level 1, Terran Infantry Armor Level 1  
  76  5:49  Marine  
  77  5:50  Barracks Tech Lab  
  77  5:52  Stimpack  
  77  5:54  SCV x2  
  79  6:02  Orbital Command  
  79  6:03  Supply Depot  
  80  6:10  SCV  
  80  6:11  Combat Shield, Marauder x2, Marine  
  86  6:16  SCV  
  86  6:19  Marine  
  86  6:22  SCV, Starport Reactor  
  88  6:27  Factory Reactor  
  88  6:29  Marine  
  91  6:32  Marauder  
  91  6:37  Marauder, Marine  
  91  6:38  SCV  
  91  6:39  SCV  
  96  6:44  SCV  
  96  6:46  Marine  
  94  6:50  SCV  
  94  6:51  SCV  
  98  6:54  Marauder  
  98  6:55  Barracks  
  98  6:56  SCV, Barracks  
  98  6:58  Marauder, Refinery, Marine  
  98  6:59  Bunker, Refinery  
  98  7:00  Medivac x2  
  104  7:03  SCV x2  
  104  7:07  Widow Mine  
  108  7:08  SCV  
  108  7:12  Marine  
  108  7:15  SCV x2, Marauder  
  110  7:16  Marine  
  110  7:21  SCV, Widow Mine  
  112  7:23  Marauder  
  112  7:27  SCV x2  
  112  7:28  Starport  
  112  7:29  Missile Turret, Marine  
  116  7:30  Supply Depot  
  116  7:31  Supply Depot  
  117  7:42  Terran Infantry Weapons Level 2  
  117  7:45  Terran Infantry Armor Level 2  
  117  7:51  Barracks Reactor, Command Center, Barracks Tech Lab  
  117  7:52  SCV x2, Medivac x2, Marine  
  117  7:53  Terran Ship Weapons Level 1  
  117  7:58  Supply Depot  
  124  7:59  Supply Depot  
  124  8:02  Marine  
  124  8:03  Marauder  
  124  8:04  SCV  
  127  8:13  SCV x2  
  127  8:16  Ghost Academy  
  127  8:19  Supply Depot  
  129  8:20  Supply Depot  
  129  8:21  Factory Reactor  
  129  8:22  Viking x2  
  129  8:23  Viking x2  
  137  8:28  SCV x2  
  137  8:31  Refinery, Marine  
  137  8:32  Marine x3  
  146  8:42  Supply Depot x2  
  146  8:45  Refinery  
  146  8:49  Marine x2  
  146  8:51  Ghost x3  
  146  8:52  Marine x2  
  151  8:55  SCV  
  151  9:00  Fusion Core  
  151  9:05  Planetary Fortress  
  151  9:09  Viking, Barracks x2  
  153  9:11  Viking, Barracks  
  155  9:19  Ghost  
  157  9:24  Supply Depot, Bunker, Sensor Tower  
  157  9:26  Marauder x2  
  157  9:27  Missile Turret  
  157  9:28  Enhanced Shockwaves  
  160  9:39  Widow Mine  
  160  9:45  Liberator  
  162  9:47  Marauder x2  
  162  9:48  Advanced Ballistics, Marauder  
  162  9:52  Marine  
  171  10:03  Liberator  
  172  10:08  Marauder  
  172  10:09  Marauder  
  172  10:10  Marauder, Terran Ship Weapons Level 2  
  172  10:12  Command Center, Marine, Barracks Tech Lab  
  172  10:13  Barracks Tech Lab  
  179  10:16  Marine  
  180  10:22  Liberator  
  180  10:23  Barracks Tech Lab  
  180  10:27  Marine  
  183  10:30  Marauder x2  
  183  10:31  Marauder  
  189  10:36  Command Center  
  189  10:39  Liberator  
  189  10:42  Marauder, Missile Turret, Marine  
  195  10:43  Ghost, Missile Turret  
  195  10:47  Orbital Command  
  195  10:48  Marine  
  195  10:49  Liberator  
  192  10:52  Marauder  
  192  10:53  Marauder  
  192  10:54  Marauder  
  192  10:55  Marine  
  192  10:56  Marauder  
  186  10:59  Marine  
  186  11:00  Liberator  
  186  11:04  Marauder  
  185  11:07  Marine x2  
  182  11:12  Marauder  
  182  11:13  Marine x2  
  182  11:14  Marine  
  182  11:15  Liberator  
  190  11:20  Sensor Tower  
  190  11:22  Liberator  
  190  11:23  Marauder  
  195  11:27  Marine  
  195  11:28  Marauder  
  193  11:34  Marauder, Marine  
  193  11:35  Marine  
  193  11:38  Liberator  
  200  11:44  Marine  
  200  11:46  Marauder x3, Marine  
  185  11:58  SCV x4  
  185  12:00  Widow Mine x2  
  183  12:10  SCV x2  
  183  12:13  Marauder, Marine  
  167  12:16  Marine  
  167  12:17  Marauder  
  167  12:21  Marauder, Marine  
  170  12:23  Marine  
  170  12:24  Marine  
  170  12:25  Marauder  
  170  12:27  SCV  
  170  12:28  SCV x2  
  167  12:33  Medivac x4  
  168  12:39  Planetary Fortress  
  168  12:40  SCV x2  
  170  12:44  Ghost  
  170  12:46  SCV  
  171  12:52  SCV  
  171  12:55  SCV  
  171  12:58  SCV  
  166  13:03  Medivac  
  166  13:04  Ghost, Marine  
  166  13:05  Marine x4  
  155  13:06  Marine  
  155  13:09  Marine  
  155  13:11  Marine  
  155  13:16  Orbital Command  
  155  13:17  SCV  
  156  13:20  SCV  
  156  13:21  SCV  
  156  13:23  Widow Mine x2  
  162  13:29  SCV  
  162  13:32  SCV  
  164  13:37  Liberator x2  
  164  13:38  Sensor Tower  
  164  13:39  SCV  
  171  13:42  Liberator  
  171  13:45  Liberator  
  177  13:55  Missile Turret  
  176  13:57  SCV x4  
  180  14:07  Widow Mine x2  
  180  14:08  Ghost x3  
  180  14:09  SCV x2  
  192  14:14  SCV x2, Marine  
  192  14:15  Marauder  
  197  14:18  Concussive Shells  
  197  14:20  Liberator  
  200  14:24  Refinery  
  196  14:35  Medivac x2  
  196  14:37  Sensor Tower  
  194  14:39  Refinery, Marine, Liberator  
  194  14:40  Refinery, Marauder  
  200  14:48  Command Center  
  200  14:51  Marauder  
  198  14:55  Personal Cloaking  
  196  15:00  Marauder, Marine  
  197  15:08  Command Center  
  197  15:09  Terran Infantry Weapons Level 3  
  187  15:16  SCV  
  188  15:24  SCV x2  
  188  15:28  SCV  
  179  15:31  SCV  
  177  15:36  SCV x2, Liberator x2  
  177  15:38  Liberator  
  177  15:40  SCV  
  187  15:44  SCV  
  187  15:47  Liberator  
  187  15:48  SCV, Marauder, Marine  
  196  15:55  Ghost  
  172  16:06  Marine  
  172  16:07  Marauder, Marine  
  172  16:08  Marauder, Marine  
  172  16:09  Marine  
  172  16:10  Marauder, Marine  
  172  16:11  Marauder  
  166  16:19  Liberator  
  166  16:21  Nuke, Liberator  
  166  16:23  SCV x3  
  166  16:24  Marauder, Marine  
  178  16:27  Medivac  
  177  16:35  SCV x3  
  179  16:47  SCV x3, Liberator  
  178  16:57  Ghost  
  178  16:59  SCV  
  178  17:00  Marauder, Marine  
  180  17:02  Marine  
  180  17:03  Marauder  
  179  17:15  Liberator  
  182  17:24  Marine, Liberator  
  183  17:31  Marauder, Marine  
  179  17:40  Marine  
  179  17:41  Marauder  
  172  17:51  Marine  
  173  17:59  Marine  
  173  18:03  Marine  
  173  18:04  Marauder  
  177  18:09  SCV  
  178  18:13  SCV  
  178  18:16  Unknown  
  178  18:19  Marine  
  181  18:20  Unknown, Marauder  
  181  18:23  Marauder, Marine x4  
  181  18:24  Marauder, Marine  
  181  18:25  Marine  
  162  18:38  Marine  
  164  18:41  Marauder x2, Marine  
  164  18:42  Marauder  
  164  18:43  Marauder  
  164  18:45  Marauder  
  164  18:46  Marauder, Marine  
  177  18:49  Marine  
  177  18:50  Planetary Fortress  
  164  18:57  Marine  
  164  19:01  Marine  
  168  19:03  Marauder x2  
  168  19:04  Marauder x2  
  168  19:06  Marauder  
  168  19:07  Marauder  
  174  19:17  Marine  
  168  19:18  Marine  
  168  19:21  Medivac x2  
  168  19:23  Medivac  
  180  19:24  Marauder x2  
  180  19:25  Marauder  
  180  19:26  Marauder  
  180  19:27  Marauder  
  180  19:29  Marauder  
  180  19:37  Marine x2  
  176  19:43  Marine x2  
  156  19:45  Marauder x2  
  156  19:46  Marauder  
  156  19:47  Marine  
  156  19:48  Marine  
  156  19:50  Marauder  
  141  19:54  Medivac, Marine  
  141  19:55  Marine  
  145  20:01  Marine x2  
  151  20:11  Ghost  
  151  20:13  Ghost  
  157  20:17  Ghost  
  149  20:28  Liberator  
  149  20:29  Liberator x3  
  153  20:42  Ghost  
  156  20:43  Marine  
  156  20:44  Marauder  
  156  20:48  Ghost  
  161  20:54  Marauder  
  161  20:55  SCV  
  162  20:57  SCV  
  163  21:05  SCV  
  164  21:11  Liberator x2  
  164  21:17  Ghost  
  172  21:21  Ghost  
  175  21:33  Liberator  
  175  21:37  Liberator  
  179  21:41  Marauder x3  
  179  21:42  Marine  
  182  21:54  Liberator  
  182  21:56  Orbital Command  
  188  22:14  Medivac  
  187  22:21  Medivac x2  
  188  22:29  Marauder, Marine  
  164  22:30  Marine  
  164  22:31  Marauder, Marine  
  164  22:32  Marine  
  113  22:46  SCV x3  
  113  22:47  Medivac x2  
  113  22:50  Widow Mine  
  121  22:52  Ghost x3  
  121  22:53  Marine  
  121  22:56  Refinery x2  
  121  22:58  SCV x3  
  116  22:59  Marauder, Marine  
  116  23:00  Marauder  
  116  23:03  Marine  
  116  23:04  Marauder  
  126  23:08  Marine  
  127  23:13  SCV  
  127  23:14  SCV  
  127  23:15  SCV  
  127  23:18  Missile Turret  
  130  23:20  Missile Turret  
  130  23:21  Marauder x2, Missile Turret, Marine  
  130  23:24  Marine x3  
  130  23:25  SCV  
  139  23:27  Marine  
  139  23:36  Marauder x2, Marine  
  143  23:42  Marauder x2  
  143  23:45  Marauder, Marine  
  150  23:50  Marine  
  150  23:52  Liberator  
  150  23:54  Marauder  
  156  23:57  Marauder, Marine  
  156  23:58  Marine  
  156  24:00  Marine  
  156  24:01  Orbital Command  
  161  24:04  Marauder, Marine  
  163  24:11  Marauder, Marine  
  163  24:12  Marauder  
  163  24:16  Marauder, Marine  
  171  24:18  Marine  
  171  24:22  Marauder  
  171  24:23  Marine  
  175  24:27  Marauder  
  168  24:34  Marauder, Marine  
  161  24:39  Marauder, Marine  
  161  24:45  Marauder, Marine  
  157  24:48  Marine  
  146  24:55  Marauder  
  148  25:03  Marauder  
  145  25:07  Marine  
  145  25:09  Marine  
  145  25:13  Marine  
  134  25:16  Marine  
Show
View Real Time Build Order
Export as new Build Order

LiquidMaNa Protoss 

Build Orders: 1 Gate Expand, Oracle Opening, Phoenix Opening, Colossus Rush 

Get SALT Encoding   

  12  0:00  Probe  
  13  0:12  Probe  
  14  0:17  Pylon  
  14  0:24  Probe (Chrono Boost)  
  15  0:36  Probe (Chrono Boost), Gateway  
  16  0:43  Probe (Chrono Boost)  
  16  0:49  Assimilator  
  17  0:51  Probe  
  18  1:03  Probe  
  19  1:15  Probe  
  20  1:23  Nexus  
  20  1:34  Cybernetics Core  
  20  1:37  Probe  
  21  1:44  Assimilator  
  21  1:49  Probe  
  21  1:53  Pylon  
  22  2:01  Probe  
  22  2:08  Adept (Chrono Boost)  
  23  2:13  Probe  
  26  2:16  Stargate  
  26  2:24  Warp Gate  
  26  2:25  Probe  
  27  2:30  Adept (Chrono Boost)  
  27  2:35  Probe  
  30  2:37  Probe  
  31  2:47  Probe  
  31  2:50  Probe  
  33  2:56  Oracle (Chrono Boost)  
  33  2:59  Probe  
  38  3:05  Probe (Chrono Boost)  
  38  3:11  Probe (Chrono Boost), Gateway  
  41  3:21  Probe x2 (Chrono Boost)  
  41  3:23  Pylon  
  41  3:27  Phoenix  
  41  3:28  Probe  
  41  3:29  Probe  
  45  3:40  Probe  
  46  3:41  Probe  
  46  3:44  Robotics Facility  
  46  3:48  Assimilator  
  47  3:52  Probe  
  47  3:54  Probe  
  49  3:57  Phoenix  
  48  4:05  Nexus  
  48  4:07  Probe  
  48  4:09  Probe  
  50  4:19  Probe  
  50  4:21  Probe  
  50  4:22  Phoenix, Assimilator  
  54  4:25  Pylon  
  54  4:31  Probe  
  53  4:32  Observer  
  54  4:41  Pylon  
  54  4:43  Zealot x2  
  54  4:44  Robotics Bay  
  58  4:52  Immortal (Chrono Boost)  
  59  4:55  Pylon  
  59  4:59  Probe x2  
  64  5:00  Shield Battery  
  64  5:04  Sentry  
  64  5:05  Zealot  
  68  5:12  Probe x2 (Chrono Boost)  
  70  5:19  Forge, Observer  
  70  5:21  Probe (Chrono Boost)  
  71  5:24  Probe x2 (Chrono Boost), Observer (Chrono Boost)  
  71  5:27  Sentry  
  76  5:28  Sentry  
  76  5:30  Probe (Chrono Boost)  
  76  5:31  Probe x2 (Chrono Boost)  
  76  5:35  Probe (Chrono Boost)  
  81  5:38  Probe  
  81  5:41  Probe  
  81  5:42  Colossus (Chrono Boost)  
  84  5:47  Probe  
  84  5:49  Pylon  
  91  5:50  Probe  
  91  5:53  Probe  
  93  5:57  Extended Thermal Lance  
  93  6:00  Gateway  
  93  6:07  Probe x2, Phoenix  
  93  6:09  Probe  
  93  6:11  Protoss Ground Weapons Level 1 (Chrono Boost)  
  98  6:12  Photon Cannon  
  98  6:15  Photon Cannon  
  98  6:19  Probe x2  
  98  6:20  Photon Cannon  
  98  6:25  Assimilator  
  100  6:27  Probe  
  100  6:32  Probe  
  100  6:40  Pylon  
  100  6:41  Pylon  
  100  6:42  Pylon  
  100  6:44  Probe  
  100  6:47  Nexus  
  101  6:54  Pylon  
  101  6:56  Observer  
  101  6:58  Phoenix  
  101  6:59  Twilight Council  
  101  7:01  Forge  
  103  7:03  Zealot x3, Assimilator  
  103  7:06  Probe x2  
  111  7:12  Probe  
  112  7:15  Colossus (Chrono Boost)  
  112  7:18  Probe  
  119  7:26  Gateway  
  119  7:27  Gateway  
  119  7:29  Gateway, Protoss Ground Armor Level 1 (Chrono Boost)  
  119  7:31  Photon Cannon  
  119  7:33  Charge (Chrono Boost)  
  119  7:34  Probe x3  
  122  7:40  Zealot x3  
  128  7:45  Pylon  
  128  7:46  Observer  
  128  7:48  Photon Cannon  
  128  7:49  Pylon  
  128  7:51  Observer  
  128  7:54  Pylon  
  128  7:57  Pylon, Colossus (Chrono Boost)  
  134  8:04  Zealot  
  134  8:05  Templar Archives, Zealot x2  
  140  8:09  Probe x2  
  141  8:20  Pylon  
  141  8:23  Protoss Ground Weapons Level 2 (Chrono Boost)  
  141  8:26  Zealot x5  
  151  8:27  Psionic Storm  
  151  8:29  Zealot  
  153  8:42  Warp Prism  
  153  8:48  High Templar x4  
  163  8:51  Assimilator  
  163  8:54  Assimilator  
  163  8:59  Stalker x2  
  167  9:03  Blink (Chrono Boost)  
  167  9:09  Gateway x2  
  167  9:11  Gateway  
  167  9:12  Nexus  
  167  9:14  Gateway  
  167  9:18  Disruptor  
  167  9:22  Robotics Facility  
  167  9:23  Stalker  
  167  9:24  Stalker x2  
  176  9:29  Photon Cannon  
  176  9:36  Protoss Ground Armor Level 2 (Chrono Boost)  
  176  9:37  Stalker x3  
  182  9:45  Robotics Facility  
  182  9:57  Photon Cannon  
  180  10:01  Gravitic Drive  
  180  10:07  Stalker x4  
  180  10:12  Pylon  
  180  10:13  Pylon  
  188  10:15  Pylon  
  188  10:19  Photon Cannon  
  186  10:28  Stalker x3  
  186  10:29  Stalker x3  
  172  11:01  Stalker x10  
  192  11:11  Assimilator  
  188  11:13  Disruptor x2, Assimilator, Observer  
  181  11:35  Disruptor  
  181  11:37  Stalker x8  
  184  11:44  Nexus  
  150  11:57  Sentry  
  150  11:58  Sentry  
  150  11:59  Disruptor  
  150  12:09  Stalker x8  
  150  12:13  Disruptor x2  
  152  12:29  Nexus  
  148  12:32  High Templar x4  
  148  12:36  Archon x2  
  148  12:37  Zealot x6  
  158  12:46  Nexus  
  158  12:53  Observer  
  155  13:02  Zealot x3  
  155  13:03  Zealot x3  
  151  13:15  Colossus x2 (Chrono Boost)  
  151  13:17  High Templar x3  
  169  13:26  Nexus  
  171  13:27  Warp Prism (Chrono Boost)  
  171  13:31  Photon Cannon  
  171  13:34  Shield Battery, Pylon  
  171  13:36  Sentry x2  
  171  13:40  Stalker x2  
  179  13:46  Probe x2, Pylon  
  179  13:47  Probe  
  182  13:49  Gravitic Boosters (Chrono Boost)  
  182  13:57  Protoss Ground Weapons Level 3 (Chrono Boost)  
  182  13:58  Protoss Ground Armor Level 3 (Chrono Boost)  
  181  14:11  High Templar x2  
  181  14:16  Probe x2  
  187  14:22  Observer x3 (Chrono Boost)  
  190  14:25  Oracle  
  185  14:32  Probe  
  185  14:33  Probe  
  183  14:39  Stalker x8  
  183  14:44  Probe  
  197  14:55  Zealot x2  
  197  14:58  Probe x2  
  198  15:24  Nexus  
  189  15:28  Probe x2  
  190  15:35  Probe  
  190  15:36  Probe x2  
  190  15:39  Warp Prism  
  190  15:41  High Templar x4  
  180  16:06  Stalker x4  
  167  16:21  Probe x2, Stalker  
  167  16:22  Stalker x2  
  167  16:23  Probe x2  
  171  16:28  High Templar x3  
  175  16:33  Probe x2  
  175  16:35  Probe x2  
  175  16:37  Nexus  
  179  16:59  Zealot x7  
  187  17:16  Stalker x3  
  188  17:31  Pylon  
  170  17:53  Observer x3  
  172  18:06  High Templar x4  
  178  18:14  Observer x3  
  178  18:15  Stalker x6  
  168  18:40  Stalker x4  
  157  18:45  Probe x2, Stalker x3  
  142  19:06  Stalker x7  
  154  19:28  Nexus  
  154  19:37  Nexus  
  152  19:38  Stalker x7  
  152  19:39  Stalker  
  152  19:44  Resonating Glaives  
  150  19:48  Stalker  
  136  20:25  High Templar x3  
  136  20:26  Zealot x2, High Templar  
  148  20:29  Archon x2  
  148  20:53  Colossus  
  154  21:18  Observer x3  
  150  21:29  Stalker  
  150  21:30  Zealot x7  
  156  21:56  Nexus  
  114  22:30  Archon  
  114  22:32  Probe  
  114  22:34  Observer x4  
  114  22:35  Zealot x2  
  81  23:12  Assimilator  
  81  23:37  Nexus  
  81  23:47  Void Ray (Chrono Boost)  
  78  24:13  Zealot x7  
  78  24:14  Zealot  
  71  25:02  Stalker x2  

Tags
 
Add a new tag
Caveats
  • Supply blocks, unpowered buildings, or Contaminate may cause inaccurate times.
  • Supply counts are checked every 10 seconds.